 Dungeon Crawl Stone Soup version 0.31.0-11-ge490571c62 (webtiles) character file.

Game seed: 8851334083116581730

1413 qw the Skirmisher (level 8, -4/35 (46) HPs)
             Began as a Deep Elf Hunter on Feb 5, 2024.
             Was an Initiate of Okawaru.
             Slain by Jeremiah
             ... wielding a +4 trident of draining
              (6 damage)
             ... on level 6 of the Dungeon.
             The game lasted 00:01:52 (5414 turns).

qw the Skirmisher (Deep Elf Hunter)                 Turns: 5414, Time: 00:01:52

HP:   -4/35 (46)    AC: 11    Str: 10    XL:     8   Next: 43%
MP:   10/10         EV: 12    Int: 15    God:    Okawaru [......]
Gold: 101           SH:  0    Dex: 18    Spells: 7/7 levels left

rFire   + . .        o - +0 hand cannon
rCold   . . .        (no shield)
rNeg    . . .        a - +3 ring mail {rF+}
rPois   .            (no helmet)
rElec   .            (no cloak)
rCorr   .            i - +2 pair of gloves
SInv    .            (no boots)
Will    .....        j - amulet of faith
Stlth   +            (no ring)
HPRegen 0.25/turn    (no ring)
MPRegen 0.12/turn

%: faith
@: about to teleport, heavily drained
A: no striking features
a: Renounce Religion


You were on level 6 of the Dungeon.
You worshipped Okawaru.
Okawaru was noncommittal.
You visited 2 branches of the dungeon, and saw 7 of its levels.

You collected 159 gold pieces.
You spent 58 gold pieces at shops.


   Skills:
 - Level 3.1 Fighting
 + Level 12.9 Ranged Weapons
 - Level 1.7 Armour
 - Level 4.0 Dodging
 - Level 1.2 Stealth


You had 7 spell levels left.
You didn't know any spells.
Your spell library was empty.

Inventory:

Hand Weapons
 o - a +0 hand cannon (weapon)
Armour
 a - a +3 ring mail of fire resistance (worn)
 i - a +2 pair of gloves (worn)
Jewellery
 f - an amulet of reflection
 j - an amulet of faith (around neck)
Wands
 h - a wand of paralysis (1) (quivered)
 l - a wand of flame (40)
Potions
 d - a potion of attraction {unknown}

Dungeon Overview and Level Annotations

Branches:
Dungeon (6/15)             Temple (1/1) D:6

Altars:
Ashenzari
Cheibriados
Dithmenos
Fedhas
Gozag
Kikubaaqudgha
Makhleb
Nemelex Xobeh
Okawaru
Qazlal
Ru
Sif Muna
Trog
Uskayaw
Vehumet
Wu Jian
Xom
Yredelemnul
Zin
The Shining One

Shops:
D:5 =(

Annotations:
D:6 Jeremiah


Message History

You feel drained.
The butterfly disappears in a burst of colours!
Jeremiah hits you from afar with a +4 trident of draining!
You feel drained.
5398 ||| ZAPPING wand of paralysis (2) at 2,2 (Jeremiah; floor).
Aiming: Paralyse
Press: ? - help, Q - select action, (/) - cycle Shift-Dir - straight line, f - Jeremiah, p - butterfly Jeremiah suddenly stops moving!
The butterfly disappears in a burst of colours!
The butterfly disappears in a burst of colours! x2
The butterfly disappears in a burst of colours!
The butterfly disappears in a burst of colours! x3
The butterfly disappears in a burst of colours!
The butterfly disappears in a burst of colours!
The butterfly disappears in a burst of colours! x2
The butterfly disappears in a burst of colours!
Enter note: You shoot a bolt.
The bolt completely misses the butterfly.
The bolt hits Jeremiah.
Jeremiah is moderately wounded.
The butterfly disappears in a burst of colours! x5
Jeremiah is no longer paralysed.
The butterfly disappears in a burst of colours! x2
Jeremiah hits you but does no damage.
You feel drained.
The butterfly disappears in a burst of colours! x2
Jeremiah barely misses you. Jeremiah closely misses you.
The butterfly disappears in a burst of colours!
Jeremiah hits you from afar with a +4 trident of draining!
You feel drained.
5413 ||| READING scroll of teleportation.
As you read the scroll of teleportation, it crumbles to dust.
You feel strangely unstable.
The butterfly disappears in a burst of colours! x2
Jeremiah hits you but does no damage.
You feel drained.
The butterfly disappears in a burst of colours! x2
Jeremiah hits you from afar with a +4 trident of draining.
You die...
Jeremiah says, "O terrible one, your will is done."

################
#..............#
#.############.# #.#
#.# #.# #.### #.# #....
##.## ####. #.@b# #.
##########...bb# #.
#####.bbb.b...bb.bF...
#.
.......bbF####bbbbb####
#.#####. ######.##.#
#.bbb.# ........
#####.##... ..b.b..
........
#.....#######..b..##
..)##### #.#####
##...## .. ##.#


You could see Jeremiah.

Vanquished Creatures
  Eustachio (D:5)
  A steam dragon (D:6)
  Menkaure (D:6)
  Duvessa (D:5)
  2 ice beasts (D:5)
  A black bear (D:4)
  A scorpion (D:5)
  2 wights (D:6)
  Dowan (D:5)
  A howler monkey (D:5)
  A sleepcap (D:5)
  An iguana (D:5)
  Jessica (D:2)
  3 orc wizards
  6 gnolls (D:3)
  7 adders
  A shadow imp (D:4)
  3 white imps
  2 ufetubi (D:6)
  4 ribbon worms
  3 dart slugs
  8 orcs
  4 ball pythons
  3 bats
  7 endoplasms
  3 giant cockroaches
  6 goblins
  8 hobgoblins
  4 jackals (D:2)
  3 quokkas
  3 training dummies (D:5)
  2 frilled lizards
  5 kobolds
  4 rats
104 creatures vanquished.

Notes
Turn   | Place    | Note
-------+----------+-------------------------------------------
     0 | D:1      | qw the Deep Elf Hunter began the quest for the Orb.
     0 | D:1      | Reached XP level 1. HP: 12/12 MP: 3/3
     0 | D:1      | 0 ||| qw: Version: 0.3-a-160-g6735b56
     0 | D:1      | 0 ||| qw: Game counter: 6347
     0 | D:1      | 0 ||| qw: Melee chars always use a shield: true
     0 | D:1      | 0 ||| qw: God list: Okawaru
     0 | D:1      | 0 ||| qw: Allow faded altars: false
     0 | D:1      | 0 ||| qw: Do Orc after clearing Dungeon:15 true
     0 | D:1      | 0 ||| qw: Do second Lair branch before Depths: true
     0 | D:1      | 0 ||| qw: Lair rune preference: random
     0 | D:1      | 0 ||| qw: Goals: Normal
     0 | D:1      | 0 ||| PLANNING D:1-11
   321 | D:1      | Reached XP level 2. HP: 16/16 MP: 4/4
   329 | D:1      | Reached skill level 6 in Ranged Weapons
   946 | D:1      | 946 ||| UPGRADING to +0 pair of gloves.
   951 | D:1      | 951 ||| UPGRADING to +0 scale mail.
   961 | D:1      | 961 ||| DROPPING +0 leather armour.
   962 | D:1      | 962 ||| READING scroll labelled CUNOETWYUN.
   962 | D:1      | 962 ||| ENCHANTING +0 shortbow.
   963 | D:1      | 963 ||| READING scroll labelled LIQIOSYOBB.
   964 | D:1      | 964 ||| READING scroll labelled KAGAPRAUTS.
   965 | D:1      | 965 ||| READING scroll labelled YNGIOQYCK ROOH.
   970 | D:1      | 970 ||| DRINKING 2 lumpy pink potions.
   971 | D:1      | 971 ||| DRINKING fuming sapphire potion.
   972 | D:1      | 972 ||| DRINKING smoky emerald potion.
  1078 | D:1      | 1078 ||| DROPPING scroll of butterflies.
  1079 | D:1      | 1079 ||| DROPPING potion of ambrosia.
  1231 | D:2      | Reached XP level 3. HP: 20/20 MP: 5/5
  1474 | D:2      | Reached skill level 7 in Ranged Weapons
  1497 | D:2      | Noticed Jessica
  1502 | D:2      | Killed Jessica
  1503 | D:2      | Reached XP level 4. HP: 20/25 MP: 6/6
  1750 | D:2      | 1750 ||| UPGRADING to +0 ring mail.
  1760 | D:2      | 1760 ||| DROPPING +0 scale mail.
  1761 | D:2      | 1761 ||| UPGRADING to amulet of guardian spirit.
  1766 | D:2      | 1766 ||| READING scroll labelled FESOG RUSHRO.
  1767 | D:2      | 1767 ||| READING scroll labelled RUNOURA TATOT.
  1767 | D:2      | 1767 ||| IDENTIFYING bubbling emerald potion
  1768 | D:2      | 1768 ||| READING scroll labelled YSITTIYDOI.
  1768 | D:2      | 1768 ||| ENCHANTING +0 pair of gloves.
  1769 | D:2      | 1769 ||| DROPPING potion of lignification.
  1796 | D:3      | 1796 ||| STAIRDANCE
  1900 | D:3      | Found a sparkling altar of Nemelex Xobeh.
  2233 | D:3      | Found a faded altar of an unknown god.
  2320 | D:3      | Reached skill level 8 in Ranged Weapons
  2327 | D:3      | 2327 ||| FLEEEEING.
  2540 | D:3      | Reached XP level 5. HP: 29/29 MP: 7/7
  2627 | D:3      | 2627 ||| READING scroll of identify.
  2627 | D:3      | 2627 ||| IDENTIFYING silvery potion
  2628 | D:3      | 2628 ||| READING scroll labelled BIHAKOONWY.
  2729 | D:3      | 2729 ||| READING scroll labelled AMORCHAESTE.
  2729 | D:3      | 2729 ||| BRANDING +1 shortbow.
  2800 | D:4      | Noticed a black bear
  2801 | D:4      | 2801 ||| DRINKING potion of haste.
  2817 | D:4      | Killed a black bear
  2818 | D:4      | Reached skill level 9 in Ranged Weapons
  3052 | D:4      | Reached XP level 6. HP: 16/35 MP: 4/8
  3623 | D:4      | Found a snail-covered altar of Cheibriados.
  3624 | D:4      | 3624 ||| UPGRADING to amulet of reflection.
  3634 | D:4      | 3634 ||| DROPPING amulet of guardian spirit.
  3635 | D:4      | 3635 ||| UPGRADING to amulet of faith.
  3645 | D:4      | 3645 ||| READING scroll labelled GOKARHU ONIWK.
  3770 | D:4      | 3770 ||| READING scroll labelled RIXIT LIONO.
  3805 | D:5      | Entered Level 5 of the Dungeon
  3840 | D:5      | 3840 ||| READING scroll of enchant armour.
  3840 | D:5      | 3840 ||| ENCHANTING +1 pair of gloves.
  3884 | D:5      | Reached skill level 10 in Ranged Weapons
  4002 | D:5      | Found Irhuett's Firing Range.
  4013 | D:5      | 4013 ||| BUYING +0 arbalest (58 gold).
  4013 | D:5      | Bought a +0 arbalest for 58 gold pieces
  4013 | D:5      | 4013 ||| SHOPLISTING +0 triple crossbow (130 gold, have
                  | 41).
  4013 | D:5      | 4013 ||| SHOPLISTING +3 orcbow of Xehin {freeze, Str+4
                  | Stlth+} (513 gold, have 41).
  4013 | D:5      | 4013 ||| SWAPPING to +0 arbalest.
  4014 | D:5      | 4014 ||| DROPPING +1 shortbow of freezing.
  4035 | D:5      | Noticed an ice beast
  4036 | D:5      | 4036 ||| ZAPPING wand of paralysis (8) at -7,0 (ice beast;
                  | floor).
  4037 | D:5      | 4037 ||| ZAPPING wand of paralysis (7) at -6,0 (ice beast;
                  | floor).
  4040 | D:5      | Killed an ice beast
  4067 | D:5      | Found Kicits's Jewellery Emporium.
  4070 | D:5      | 4070 ||| SHOPLISTING +6 ring of dexterity (396 gold, have
                  | 41).
  4070 | D:5      | 4070 ||| SHOPLISTING +6 ring of strength (396 gold, have
                  | 41).
  4070 | D:5      | 4070 ||| SHOPLISTING ring "Zeujulia" {rElec rPois rF- Int+6
                  | SInv} (565 gold, have 41).
  4070 | D:5      | 4070 ||| SHOPLISTING ring of fire (275 gold, have 41).
  4104 | D:5      | Noticed Duvessa
  4105 | D:5      | 4105 ||| ZAPPING wand of paralysis (6) at 7,0 (Duvessa;
                  | floor).
  4107 | D:5      | Killed Duvessa
  4108 | D:5      | Reached skill level 1 in Armour
  4108 | D:5      | Reached XP level 7. HP: 40/40 MP: 9/9
  4108 | D:5      | Noticed Dowan
  4111 | D:5      | 4111 ||| ZAPPING wand of paralysis (5) at 6,0 (Dowan;
                  | floor).
  4113 | D:5      | Killed Dowan
  4214 | D:5      | 4214 ||| DRINKING 2 fizzy red potions.
  4215 | D:5      | 4215 ||| DRINKING inky potion.
  4216 | D:5      | 4216 ||| DRINKING emerald potion.
  4480 | D:5      | Noticed Eustachio
  4481 | D:5      | 4481 ||| ZAPPING wand of paralysis (4) at 1,-7 (Eustachio;
                  | floor).
  4489 | D:5      | Killed Eustachio
  4490 | D:5      | Reached skill level 11 in Ranged Weapons
  4809 | D:5      | 4809 ||| SWAPPING to +0 hand cannon.
  4813 | D:5      | 4813 ||| DROPPING +0 arbalest.
  4933 | D:5      | 4933 ||| UPGRADING to +3 ring mail of fire resistance.
  4943 | D:5      | 4943 ||| DROPPING +0 ring mail.
  4944 | D:5      | 4944 ||| READING scroll labelled YPLERH QYVAR.
  4945 | D:5      | 4945 ||| READING scroll labelled YNETHIETYI.
  4946 | D:5      | 4946 ||| DROPPING potion of magic.
  4976 | D:6      | 4976 ||| STAIRDANCE
  4980 | D:5      | Reached skill level 12 in Ranged Weapons
  4980 | D:5      | Reached XP level 8. HP: 44/44 MP: 10/10
  4985 | D:6      | 4985 ||| STAIRDANCE
  5001 | D:6      | Reached skill level 3 in Fighting
  5096 | D:6      | Noticed Menkaure
  5097 | D:6      | 5097 ||| RETREEEEATING.
  5098 | D:6      | 5098 ||| RETREEEEATING.
  5099 | D:6      | 5099 ||| RETREEEEATING.
  5103 | D:6      | Noticed Jeremiah
  5104 | D:6      | 5104 ||| DRINKING potion of haste.
  5111 | D:6      | Killed Menkaure
  5114 | D:6      | HP: 9/46 [Jeremiah/divine providence (15)]
  5115 | D:6      | 5115 ||| READING scroll of teleportation.
  5115 | D:6      | HP: 1/46 [Jeremiah/divine providence (8)]
  5119 | D:6      | Found a staircase to the Ecumenical Temple.
  5120 | D:6      | 5120 ||| PLANNING TEMPLE
  5297 | Temple   | Entered the Ecumenical Temple
  5298 | Temple   | 5298 ||| PLANNING OKAWARU WORSHIP
  5309 | Temple   | Became a worshipper of Warmaster Okawaru
  5310 | Temple   | 5310 ||| PLANNING D:1-11
  5379 | D:6      | 5379 ||| ZAPPING wand of paralysis (3) at 2,5 (Jeremiah;
                  | floor).
  5398 | D:6      | 5398 ||| ZAPPING wand of paralysis (2) at 2,2 (Jeremiah;
                  | floor).
  5412 | D:6      | HP: 4/39 [Jeremiah/+4 trident of draining (11)]
  5412 | D:6      | HP: 1/37 [Jeremiah/+4 trident of draining (3)]
  5413 | D:6      | 5413 ||| READING scroll of teleportation.
  5414 | D:6      | Slain by Jeremiah

Levels and vault maps discovered:
D:1:      lemuel_arrival_funnel, layout_basic
D:2:      layout_loops_cross, uniq_jessica
D:3:      layout_basic, mainiacjoe_overflow_six_doors_small,
          ebering_ecumenical_altar_webs, hex_intersection
D:4:      layout_cave_pools, cheibrodos_worm_habitat, serial_library,
          serial_library_hellmonk_room_b, serial_library_hellmonk_hallway_a,
          serial_library_hellmonk_hallway_a, serial_library_hellmonk_u_bend,
          serial_library_hellmonk_open_square, serial_library_hellmonk_room_a,
          serial_library_regret_index_headful,
          serial_library_hellmonk_secret_room,
          serial_library_regret_index_branch_corner,
          serial_library_regret_index_small_wings, minmay_misc_feat_four_crosses
D:5:      layout_basic, serial_shops, nicolae_shop_behind_doors,
          nicolae_shop_firing_range, uniq_duvessa, uniq_eustachio
D:6:      layout_loops_ring, minmay_temple_entry_overgrown, uniq_edmund,
          uniq_jeremiah, uniq_menkaure
Temple:   mainiacjoe_temple_coin_purse

Skill      XL: |  1  2  3  4  5  6  7  8 |
---------------+-------------------------+-----
Ranged Weapons | 6 7 8 9 10 12 | 12.9
Fighting       | 2 3 |  3.1
Dodging        | 4 |  4.0
Armour         | 1 |  1.7
Stealth        | |  1.2

Action                     |  1- 3 |  4- 6 |  7- 9 || total
---------------------------+-------+-------+-------++-------
   Fire: Shortbow          |    84 |   170 |       ||   254
         Arbalest          |       |     5 |    52 ||    57
         Hand cannon       |       |       |    35 ||    35
  Evoke: Wand              |       |     3 |     4 ||     7
    Use: Scroll            |     4 |     9 |     4 ||    17
         Potion            |     3 |     1 |     4 ||     8
 Armour: Scale mail        |    23 |       |       ||    23
         Leather armour    |     2 |       |       ||     2
         Ring mail         |       |    59 |    37 ||    96
  Dodge: Dodged            |    19 |    40 |    27 ||    86

Table legend:
 A = Non-vault XP
 B = Vault XP
 C = Vault XP percentage of total XP
 D = Non-vault monster count
 E = Vault monster count
 F = Vault count percentage of total count
                 A         B        C        D         E       F
            +---------+---------+-------+---------+---------+-------
      Total |    1334 |     685 |  33.9 |      91 |      13 |  12.5
            +---------+---------+-------+---------+---------+-------
        D:1 |      28 |       0 |   0.0 |      15 |       0 |   0.0
        D:2 |      41 |      37 |  47.4 |      20 |       1 |   4.8
        D:3 |     122 |       0 |   0.0 |      23 |       0 |   0.0
        D:4 |     155 |      68 |  30.5 |       8 |       5 |  38.5
        D:5 |     649 |     423 |  39.5 |      20 |       6 |  23.1
        D:6 |     339 |     157 |  31.7 |       5 |       1 |  16.7
            +---------+---------+-------+---------+---------+-------
